 Dungeon Crawl Stone Soup version 0.27-a0-489-g24c7b1a3ef (webtiles) character file.

Game seed: 11900269704765937489

3 jasper the Sneak (level 1, -2/18 HPs)
             Began as a Mummy Delver on Mar 1, 2021.
             Slain by a gnoll (5 damage)
             ... on level 5 of the Dungeon.
             The game lasted 00:00:19 (242 turns).

jasper the Sneak (Mummy Delver)                      Turns: 242, Time: 00:00:20

Health: -2/18      AC:  3    Str: 15    XL:     1   Next: 41%
Magic:  1/1        EV: 11    Int:  9    God:
Gold:   11         SH:  0    Dex: 13    Spells: 0/0 levels left

rFire    x . .     SeeInvis .     - Unarmed
rCold    + . .     Faith    .   (no shield)
rNeg     + + +     Spirit   .   a - +0 leather armour
rPois    ∞         Reflect  .   (no helmet)
rElec    .         Harm     .   (no cloak)
rCorr    .         Rampage  .   (no gloves)
Will     .....                  (no boots)
Stlth    ++........             (no amulet)
HPRegen  0.06/turn              (no ring)
MPRegen  0.07/turn              (no ring)

@: no status effects
A: cold resistance 1, negative energy resistance 3, torment resistance,
unbreathing, heat vulnerability 1, no potions
a: no special abilities


You were on level 5 of the Dungeon.
You visited 1 branch of the dungeon, and saw 1 of its levels.

You collected 11 gold pieces.

Inventory:

Missiles
 f - 4 boomerangs (quivered)
Armour
 a - a +0 leather armour (worn)
Wands
 e - a wand of digging (3)
Scrolls
 b - a scroll of fog
 c - a scroll of magic mapping
 d - a scroll of fear


   Skills:
 + Level 3.0 Fighting
 + Level 1.6 Dodging
 + Level 4.1 Stealth
 + Level 1.6 Unarmed Combat


You couldn't memorise any spells.
You didn't know any spells.
Your spell library was empty.

Dungeon Overview and Level Annotations

Branches:
Dungeon (5/15)
 Temple: D:4-7

Altars:

Shops:
D:5 (


Innate Abilities, Weirdness & Mutations

You are immune to poison.
Your flesh is cold resistant. (rC+)
You are immune to negative energy. (rN+++)
You are immune to unholy pain and torment.
You can survive without breathing.
You are vulnerable to heat. (rF-)
You do not drink.


Message History

Throw: 4 boomerangs
Press: ? - help, Q - select action Shift-Dir - straight line, f/p - adder skeleton
Aim: an adder skeleton (almost destroyed, 65% to hit)
You throw a boomerang.
The boomerang barely misses the adder skeleton.
The adder skeleton barely misses you.
Throw: 4 boomerangs
Press: ? - help, Q - select action Shift-Dir - straight line, f/p - adder skeleton
Aim: an adder skeleton (almost destroyed, 65% to hit)
You throw a boomerang.
The boomerang hits the adder skeleton but does no damage.
The adder skeleton is almost destroyed.
The adder skeleton bites you.
The adder skeleton bites you but does no damage.
You take 1 damage, and have 7/18 hp.
Throw: 4 boomerangs
Press: ? - help, Q - select action Shift-Dir - straight line, f/p - adder skeleton
Aim: an adder skeleton (almost destroyed, 65% to hit)
You throw a boomerang. The boomerang hits the adder skeleton.
You destroy the adder skeleton!
You start resting.
HP restored.
Health restored: 18
Found 11 gold pieces.
You now have 11 gold pieces.
Found a stone staircase leading down.
Found 10 stones.
Found a glowing brown potion. 3 gnolls come into view.
The gnoll shouts! x2
The gnoll misses you. The gnoll hits you.
Found Roujut's Weapon Shop.
You take 5 damage, and have 13/18 hp.
MASSIVE DAMAGE!!
You hit the gnoll but do no damage. The gnoll hits you. x3
You take 6 damage, and have 7/18 hp.
MASSIVE DAMAGE!!
The gnoll hits you.
* * * LOW HITPOINT WARNING * * *
You take 4 damage, and have 3/18 hp.
MASSIVE DAMAGE!!
The gnoll hits you.
You die...

###................ .#
##.##...........
...##...#.###....##
..............#......
.....#.....#..^.....
#....##....#........
#.......##..........
.##....#####.........#
....##....###g@......#
##..#.....gg..........
..........###.........
.........#####..##..#.
...>....##...##.# ....
....##..# .∩.# ..# ..
......#.##...# .... .
...#..#..#...#...... .
##.#..............


You could see 3 gnolls.

Vanquished Creatures
  An adder skeleton (D:5)
1 creature vanquished.

Notes
Turn   | Place    | Note
-------+----------+-------------------------------------------
     0 | D:5      | jasper the Mummy Delver began the quest for the Orb.
     0 | D:5      | Reached XP level 1. HP: 18/18 MP: 1/1
   229 | D:5      | Found Roujut's Weapon Shop.
   242 | D:5      | Slain by a gnoll

Illustrated notes

Levels and vault maps discovered:
D:5:      layout_cave_pools, serial_gnoll_camp, gnoll_camp_huts_basic,
          gnoll_camp_mini_shop, gnoll_camp_mini_loothouse, gnoll_camp_mini_hut,
          gnoll_camp_mini_house, serial_shops, shop

Action                   || total
-------------------------++-------
Melee: Unarmed           ||     1
Throw: Boomerang         ||     9
Armor: Leather armour    ||     2
Dodge: Dodged            ||     4

Table legend: (Time is in decaauts)
 A = Elapsed time spent in this place.
 B = Non-inter-level travel time spent in this place.
 C = Inter-level travel time spent in this place.
 D = Time resting spent in this place.
 E = Time spent auto-exploring this place.
 F = Levels seen in this place.
 G = Mean time per level.
                   A        B        C        D        E       F      G
               +--------+--------+--------+--------+--------+-----+--------+
         Total |    244 |    244 |      0 |    166 |     20 |   1 |  244.0 |
       Dungeon |    244 |    244 |      0 |    166 |     20 |   1 |  244.0 |
               +--------+--------+--------+--------+--------+-----+--------+

Top non-repeatable levels by time:
     D:5: 244 daAuts
